 Dungeon Crawl Stone Soup version 0.30-b1-2-g02819fbbbe (webtiles) character file.

Game seed: 12316190662555474900

219750 dorian the Executioner (level 19, -5/163 HPs)
             Began as a Formicid Fighter on May 18, 2023.
             Was the Champion of Makhleb.
             Slain by a merfolk impaler
             ... wielding a +0 demon trident of freezing
              (12 damage)
             ... on level 4 of the Shoals.
             The game lasted 01:19:44 (39058 turns).

dorian the Executioner (Formicid Fighter)          Turns: 39058, Time: 01:19:45

Health: -5/163     AC: 35    Str: 28    XL:     19   Next: 91%
Magic:  8/19       EV:  6    Int: 11    God:    Makhleb [******]
Gold:   2177       SH: 25    Dex: 18    Spells: 18/18 levels left

rFire   + + +        F - +8 broad axe of Infinite Pain {heavy, Int+2 Dex+3 SInv}
rCold   + + +        W - +5 tower shield {reflect}
rNeg    + . .        A - +6 gold dragon scales of Yredelemnul's Regard {rPois rF+ rC+ rN+}
rPois   +            (helmet unavailable)
rElec   +            m - +2 cloak
rCorr   .            i - +2 pair of gloves {infuse}
SInv    +            (no boots)
Will    +++++        Z - amulet of Vico {Faith rElec rF+ Dex+2 Stlth+} Stlth
                     I - ring of Temptation {Fly rPois rF+ Will+++ Slay+2}
HPRegen 0.47/turn    u - ring "Feipaeppim" {rC++ Will+}
MPRegen 0.16/turn

%: reflection, faith, infuse magic (1 MP)
@: mighty, silenced, flying
A: permanent stasis, dig shafts and tunnels, antennae 3, four strong arms
}: 1/15 runes: serpentine
a: Dig, Shaft Self, Renounce Religion


You were on level 4 of the Shoals.
You worshipped Makhleb.
Makhleb was exalted by your worship.
You visited 6 branches of the dungeon, and saw 31 of its levels.
You also visited: Trove, Bailey and Volcano.

You collected 3732 gold pieces.
You spent 1555 gold pieces at shops.

Inventory:

Hand Weapons
 f - the +7 morningstar "Transmigrator" {spect, Str+4 Int+2}
   (You bought it in a shop on level 2 of the Orcish Mines)

   Str:       It affects your strength (+4).
   Int:       It affects your intelligence (+2).
 F - the +8 broad axe of Infinite Pain (weapon) {heavy, Int+2 Dex+3 SInv}
   (You found it on level 4 of the Lair of Beasts)

   Int:       It affects your intelligence (+2).
   Dex:       It affects your dexterity (+3).
   SInv:      It lets you see invisible.
 T - a +6 spectral battleaxe
Missiles
 L - 9 javelins (quivered)
 O - 30 boomerangs
Armour
 i - a +2 pair of gloves of infusion (worn)
 m - a +2 cloak (worn)
 A - the +6 gold dragon scales of Yredelemnul's Regard (worn) {rPois rF+ rC+ rN+}
   (You found it in a bailey)

   rF:        It protects you from fire.
   rC:        It protects you from cold.
   rPois:     It protects you from poison.
   rN:        It protects you from negative energy.
 W - a +5 tower shield of reflection (worn)
Jewellery
 c - the ring "Qoriluc" {Will+++ MP+9 Str-4 Int+8 Dex+2}
   (You found it in a treasure trove)

   [ring of magical power]

   Str:       It affects your strength (-4).
   Int:       It affects your intelligence (+8).
   Dex:       It affects your dexterity (+2).
   MP:        It affects your magic capacity (+9).
   Will:      It greatly increases your willpower.
 e - an amulet of regeneration
 j - the ring of Darkness {rElec rF+ EV+5}
   (You found it on level 4 of the Shoals)

   [ring of evasion]

   EV:        It affects your evasion (+5).
   rF:        It protects you from fire.
   rElec:     It insulates you from electricity.
 u - the ring "Feipaeppim" (right hand) {rC++ Will+}
   (You found it in a treasure trove)

   [ring of willpower]

   rC:        It greatly protects you from cold.
   Will:      It increases your willpower.
 I - the ring of Temptation (left hand) {Fly rPois rF+ Will+++ Slay+2}
   (You found it in a treasure trove)

   [ring of poison resistance]

   Slay:      It affects your accuracy & damage with ranged weapons and melee
   (+2).
   rF:        It protects you from fire.
   rPois:     It protects you from poison.
   Fly:       It grants you flight.
   Will:      It greatly increases your willpower.
 Z - the amulet of Vico (around neck) {Faith rElec rF+ Dex+2 Stlth+}
   (You found it in a treasure trove)

   [amulet of faith]

   It allows you to gain divine favour quickly.
   Dex:       It affects your dexterity (+2).
   rF:        It protects you from fire.
   rElec:     It insulates you from electricity.
   Stlth:     It makes you more stealthy.
Wands
 h - a wand of mindburst (3)
 q - a wand of flame (56)
 w - a wand of polymorph (6)
 x - a wand of charming (25)
 K - a wand of iceblast (5)
 N - a wand of acid (7)
 Q - a wand of digging (9)
Scrolls
 a - 5 scrolls of poison
 b - 2 scrolls of magic mapping
 k - 2 scrolls of fear
 l - 6 scrolls of amnesia
 P - 2 scrolls of fog
 S - 2 scrolls of immolation
 V - 8 scrolls of identify
Potions
 d - 6 potions of might
 g - 8 potions of mutation
 n - 3 potions of attraction
 p - 2 potions of brilliance
 r - 8 potions of lignification
 s - 6 potions of resistance
 t - 6 potions of magic
 z - 10 potions of ambrosia
 D - 5 potions of flight
 E - 2 potions of invisibility
 M - a potion of cancellation
Miscellaneous
 v - a box of beasts
 G - a lightning rod (4/4)
 J - a phantom mirror


   Skills:
 + Level 18.0 Fighting
 * Level 22.5 Axes
 + Level 18.0 Armour
 + Level 15.5 Shields
 * Level 0.4 Invocations


You had 18 spell levels left.
You didn't know any spells.
Your spell library contained the following spells:

 Spells                   Type           Power      Damage    Failure   Level
 Beastly Appendage        Tmut           0%         N/A       100%        1
 Necrotise                Necr           0%         1d4       100%        1
 Summon Small Mammal      Summ           0%         N/A       100%        1
 Ensorcelled Hibernation  Hex/Ice        0%         N/A       100%        2
 Lesser Beckoning         Tloc           0%         N/A       100%        2
 Passwall                 Tmut/Erth      0%         N/A       100%        2
 Wereblood                Tmut           0%         N/A       100%        2
 Call Canine Familiar     Summ           0%         N/A       100%        3
 Frozen Ramparts          Ice            0%         1d1       100%        3
 Gell's Gravitas          Tloc           0%         N/A       100%        3
 Hailstorm                Conj/Ice       0%         3d3       100%        3
 Inner Flame              Hex/Fire       0%         N/A       100%        3
 Portal Projectile        Hex/Tloc       0%         N/A       100%        3
 Spider Form              Tmut/Pois      0%         N/A       100%        3
 Summon Guardian Golem    Hex/Summ       0%         N/A       100%        3
 Teleport Other           Tloc           0%         N/A       100%        3
 Vampiric Draining        Necr           0%         2d6       100%        3
 Volatile Blastmotes      Fire/Tloc      0%         2d10      100%        3
 Anguish                  Hex/Necr       0%         N/A       100%        4
 Animate Dead             Necr           0%         N/A       100%        4
 Flame Wave               Conj/Fire      0%         2d4       100%        4
 Fulminant Prism          Conj/Hex       0%         3d5       100%        4
 Ice Form                 Ice/Tmut       0%         N/A       100%        4
 Iskenderun's Mystic Bla  Conj/Tloc      0%         2d3       100%        4
 Leda's Liquefaction      Hex/Erth       0%         N/A       100%        4
 Sticky Flame             Conj/Fire      0%         2d3       100%        4
 Summon Ice Beast         Ice/Summ       0%         N/A       100%        4
 Agony                    Necr           0%         N/A       100%        5
 Blade Hands              Tmut           0%         N/A       100%        5
 Irradiate                Conj/Tmut      0%         3d11      100%        5
 Lee's Rapid Deconstruct  Erth           0%         3d4*      100%        5
 Simulacrum               Ice/Necr       0%         N/A       100%        6
 Statue Form              Tmut/Erth      0%         N/A       100%        6
 Dragon Form              Tmut           0%         N/A       100%        7
 Enfeeble                 Hex            0%         N/A       100%        7
 Haunt                    Necr/Summ      0%         N/A       100%        7
 Orb of Destruction       Conj           0%         9d5       100%        7
 Spellforged Servitor     Conj/Summ      0%         N/A       100%        7
 Infestation              Necr           0%         N/A       100%        8
 Swiftness                Air            Unusable   N/A       N/A         3

Dungeon Overview and Level Annotations

Branches:
Dungeon (15/15)            Temple (0/1) D:4            Lair (5/5) D:8
 Shoals (4/4) Lair:3        Snake (4/4) Lair:2        Slime (0/5) Lair:5
    Orc (2/2) D:11            Elf (0/3) Orc:2        Vaults (0/5) D:14
 Depths (1/4) D:15         Bailey (visited)         Volcano (visited)

Altars:
Ashenzari
Cheibriados
Elyvilon
Fedhas
Makhleb
Qazlal
Xom
Zin
Jiyva

Shops:
D:3 *   D:4 (   D:5 !(*:   D:8 !   D:13 (   Orc:2 *:(=   Snake:1 :==
Snake:3 :   Snake:4 =

Portals:
Hell: Lair:5

Annotations:
Lair:4 3 runed translucent doors, Raneoc's ghost, journeyman MiFi


Innate Abilities, Weirdness & Mutations

You cannot be hasted, slowed, berserked, paralysed or teleported.
You can dig through walls and to a lower floor.
You have a pair of large antennae on your head. (SInv)
Your four strong arms can wield two-handed weapons with a shield.


Message History

Unknown command.
Unknown command.
Unknown command.
You miss the merfolk impaler.
The merfolk impaler is moderately wounded.
You hit the merfolk.
You block the merfolk impaler's attack. x3
The merfolk impaler hits you but does no damage.
The merfolk hits you with a +2 trident of protection!
* * * LOW HITPOINT WARNING * * *
The merfolk impaler hits you from afar with a +1 trident of freezing!
* * * LOW HITPOINT WARNING * * *
The merfolk impaler hits you with a +6 demon trident of freezing.
* * * LOW HITPOINT WARNING * * *
The merfolk impaler hits you but does no damage. x2
Unknown command.
Unknown command.
You feel much better.
You block the merfolk impaler's attack. x3
The merfolk impaler hits you but does no damage.
You block the merfolk's attack.
The merfolk impaler hits you but does no damage. x2
The merfolk impaler hits you from afar with a +0 demon trident of freezing.
* * * LOW HITPOINT WARNING * * *
The merfolk impaler hits you but does no damage.
You slice the merfolk impaler!!
The merfolk impaler is heavily wounded.
You carve the merfolk like a ham!!!
The merfolk impaler hits you from afar with a +1 trident of freezing!
* * * LOW HITPOINT WARNING * * *
The merfolk impaler freezes you.
* * * LOW HITPOINT WARNING * * *
You block the merfolk impaler's attack. x2
The merfolk impaler hits you with a +6 demon trident of freezing!
* * * LOW HITPOINT WARNING * * *
The merfolk impaler hits you but does no damage.
You block the merfolk's attack.
The merfolk impaler hits you with a +6 demon trident of freezing.
* * * LOW HITPOINT WARNING * * *
You block the merfolk impaler's attack.
The merfolk impaler hits you from afar with a +0 demon trident of freezing!
You die...

..................#...≈†.
..................~##.#~#.
..)..........~......######
............~~~~~~~.#~.##~
...........~~~~~≈~~~......
~~~...m§..~~~~~≈≈≈~~~~....
~~~~~mmmm§§§~~~≈≈≈~~~.....
≈≈~~~~§mmm§§...≈≈≈~~~.....
≈≈~~~~~{#@§§###.≈≈~~......
≈≈~~~~m.##### #..~~~......
≈≈~~~.##)~# ###.~.......
≈~~~~. ~~~m~ #.~.......
≈~~~~ #~#~#~~##.~.......
~~~.. ≈~ ~≈ #..))).....
~~.. ~#~ ~###...).....
~... ~≈~ ~##...)..... #
#~##~.........


You could see 4 merfolk impalers and a merfolk.

Vanquished Creatures
  Mara (Shoals:4)
  Jorgrun (Snake:1)
  Rupert (Lair:3)
  A kraken (Shoals:3)
  Kirke (Shoals:4)
  Ilsuiw (Shoals:2)
  19 nagarajas
  A frost giant (Shoals:4)
  Aizul (Snake:1)
  Louise (Shoals:2)
  An ironbound preserver (D:14)
  2 dire elephants (Lair:5)
  An ettin (D:15)
  7 merfolk impalers
  6 merfolk javelineers
  A rakshasa (D:14)
  3 salamander tyrants
  7 hydras
  2 ogre magi
  6 anacondas
  2 merfolk avatars
  12 two-headed ogres
  Erica (Lair:2)
  4 alligator snapping turtles
  4 boulder beetles
  5 centaur warriors
  4 satyrs
  4 merfolk aquamancers (Shoals:4)
  14 naga warriors
  A deep troll shaman (Depths:1)
  6 shock serpents
  A tengu warrior (D:14)
  13 naga sharpshooters
  Sonja (D:12)
  A hell knight (Volcano)
  6 salamander mystics
  4 skysharks
  A sixfirhy (Lair:5)
  Amaemon (D:7)
  2 shadow wraiths (D:14)
  15 sea snakes
  5 deep trolls
  5 naga ritualists
  2 lindwurms
  4 orc knights
  4 wizards
  11 harpies
  18 salamanders
  8 mana vipers
  3 ugly things
  2 orc sorcerers
  12 fauns
  16 manticores
  10 merfolk sirens
  4 cyclopes
  6 elephants
  21 naga magi
  8 guardian serpents
  2 torpor snails
  32 black mambas
  A smoke demon (Lair:5)
  3 orange demons
  8 cane toads
  8 water nymphs
  5 rime drakes
  A yaktaur (Volcano)
  A kobold demonologist (D:13)
  6 komodo dragons
  2 ice devils (Lair:5)
  2 tengu conjurers (D:15)
  2 red devils (Lair:5)
  28 merfolk
  5 trolls
  A wolf spider simulacrum (D:14)
  A queen bee (Lair:1)
  3 meliai (D:14)
  3 hornets
  16 blink frogs
  4 wind drakes
  10 dream sheep
  8 snapping turtles
  Sigmund (D:5)
  8 slime creatures
  3 shadows
  A centaur simulacrum (D:15)
  3 water elementals (Shoals:3)
  A jumping spider (shapeshifter) (D:15)
  A vampire (D:10)
  2 wraiths (D:11)
  34 yaks
  5 wyverns
  4 hogs (Shoals:4)
  8 basilisks
  3 vampire mosquitoes (D:14)
  2 wargs
  52 nagas
  15 water moccasins
  4 hell hounds (Lair:5)
  3 acid dragons
  6 black bears
  An ice beast (D:7)
  36 orc warriors
  15 wolves
  9 ogres
  26 centaurs
  2 phantoms
  8 boggarts (D:14)
  3 kobold brigands
  The ghost of Subbak the Vexing, an amateur DEHs (D:3)
  10 bullfrogs
  3 scorpions
  A gnoll sergeant (D:12)
  8 wights (D:9)
  23 killer bees (Lair:1)
  3 electric eels (Snake:2)
  5 howler monkeys
  A lava snake (Lair:4)
  5 jellies
  10 orc priests
  2 hounds
  2 sleepcaps (D:6)
  9 iguanas
  15 orc wizards
  7 hell rats (Lair:2)
  6 ogre zombies (D:11)
  5 gnolls
  8 adders
  A shadow imp (D:7)
  2 white imps
  3 worms
  4 dart slugs
  58 orcs
  8 bats
  15 endoplasms
  4 giant cockroaches
  11 goblins
  7 hobgoblins
  5 jackals
  3 quokkas
  5 ball pythons
  4 frilled lizards
  4 goblin zombies (D:11)
  A hobgoblin zombie (D:11)
  18 kobolds
  3 orc skeletons (D:11)
  11 orc zombies (D:11)
  4 rats
  2 plants
  3 tentacles (Shoals:3)
1013 creatures vanquished.

Vanquished Creatures (collateral kills)
  2 nagas (Snake:3)
2 creatures vanquished.

Vanquished Creatures (others)
  An angel (D:3)
  34 fungi
  94 plants
  5 tentacles (Shoals:3)
134 creatures vanquished.

Grand Total: 1149 creatures vanquished

Notes
Turn   | Place    | Note
-------+----------+-------------------------------------------
     0 | D:1      | dorian the Formicid Fighter began the quest for the Orb.
     0 | D:1      | Reached XP level 1. HP: 18/18 MP: 1/1
    88 | D:1      | Reached XP level 2. HP: 24/24 MP: 2/2
   322 | D:1      | Reached XP level 3. HP: 26/29 MP: 3/3
   580 | D:1      | Reached skill level 3 in Axes
   712 | D:2      | Reached XP level 4. HP: 31/37 MP: 4/4
   830 | D:2      | Identified the +4 robe "Acana" {rF+ Int+3}
  1200 | D:2      | Found a faded altar of an unknown god.
  1520 | D:3      | Found a glowing silver altar of Zin.
  1520 | D:3      | Noticed an angel
  1537 | D:3      | Found a shimmering altar of Xom.
  1568 | D:3      | Found a burning altar of Makhleb.
  1592 | D:3      | Became a worshipper of Makhleb the Destroyer
  1597 | D:3      | You fall into a shaft and drop 1 floor!
  1702 | D:4      | Reached XP level 5. HP: 42/42 MP: 5/5
  1713 | D:4      | Noticed a phantom
  1730 | D:4      | Killed a phantom
  1731 | D:4      | Reached skill level 4 in Axes
  1731 | D:4      | Reached XP level 6. HP: 43/49 MP: 6/6
  1943 | D:4      | Noticed a black bear
  1955 | D:4      | Killed a black bear
  1956 | D:4      | Reached skill level 5 in Axes
  1956 | D:4      | Reached XP level 7. HP: 53/55 MP: 7/7
  1958 | D:4      | Reached skill level 5 in Armour
  2091 | D:4      | Reached skill level 5 in Fighting
  2124 | D:4      | Found Vuyqeock's Antique Weapon Shoppe.
  2143 | D:4      | Bought a runed battleaxe for 171 gold pieces
  2246 | D:4      | Reached * piety under Makhleb
  2446 | D:4      | Found a staircase to the Ecumenical Temple.
  2566 | D:5      | Entered Level 5 of the Dungeon
  2610 | D:5      | Found Cas Raer's Book Shop.
  2632 | D:5      | Noticed Sigmund
  2716 | D:4      | Reached skill level 6 in Axes
  2724 | D:5      | Killed Sigmund
  2725 | D:5      | Reached XP level 8. HP: 61/64 MP: 8/8
  2933 | D:5      | Found Geott's Weapon Boutique.
  3072 | D:5      | Reached skill level 7 in Axes
  3186 | D:5      | Found Piwnout Deopn's Assorted Antiques.
  3547 | D:5      | Found Xouxethi's Distillery.
  4332 | D:6      | Reached XP level 9. HP: 71/71 MP: 9/9
  4534 | D:7      | Found a white marble altar of Elyvilon.
  4621 | D:7      | Reached ** piety under Makhleb
  4622 | D:7      | Reached skill level 8 in Axes
  4950 | D:8      | Found Yrejel's Distillery.
  4975 | D:8      | Noticed a hornet
  5107 | D:7      | Killed a hornet
  5135 | D:8      | Reached skill level 9 in Axes
  5263 | D:8      | Noticed Amaemon
  5263 | D:8      | Noticed an orange demon
  5299 | D:7      | Killed Amaemon
  5300 | D:7      | Reached XP level 10. HP: 42/80 MP: 10/10
  5351 | D:8      | Killed an orange demon
  5352 | D:8      | Reached skill level 10 in Axes
  5531 | D:8      | Noticed an elephant
  5532 | D:8      | Found a staircase to the Lair.
  5562 | D:8      | Killed an elephant
  6065 | D:9      | Found a flagged portal.
  6074 | Bailey   | Entered a bailey
  6098 | Bailey   | Reached *** piety under Makhleb
  6219 | Bailey   | Reached skill level 11 in Axes
  6242 | Bailey   | Noticed an orc knight
  6304 | Bailey   | Noticed an orc knight
  6497 | Bailey   | Killed an orc knight
  6498 | Bailey   | Reached XP level 11. HP: 55/89 MP: 11/11
  6566 | Bailey   | Killed an orc knight
  6658 | Bailey   | Identified the +6 gold dragon scales of Yredelemnul's
                  | Regard {rPois rF+ rC+ rN+}
  7230 | D:9      | Noticed a two-headed ogre
  7239 | D:9      | Killed a two-headed ogre
  7240 | D:9      | Reached skill level 12 in Axes
  7601 | D:9      | Identified the +0 ring mail "Gamel" {+Inv rC++ Regen+
                  | Str-3}
  7859 | D:10     | Entered Level 10 of the Dungeon
  8008 | D:10     | Found a broken altar of Ashenzari.
  8017 | D:10     | Reached skill level 10 in Fighting
  8017 | D:10     | Reached skill level 10 in Armour
  8887 | D:3      | Found a transporter.
  9066 | D:3      | Noticed Subbak's ghost (amateur DEHs)
  9091 | D:3      | Found a transporter.
  9121 | D:3      | Found Takidaff's Assorted Antiques.
  9130 | D:3      | Bought a warped war axe for 170 gold pieces
  9130 | D:3      | Identified the +1 war axe of Prescription {drain, rElec
                  | rCorr Int-3 SInv} (You bought it in a shop on level 3 of
                  | the Dungeon)
  9130 | D:3      | Bought a scroll labelled BEKI KEMOU for 20 gold pieces
  9209 | D:3      | Reached **** piety under Makhleb
  9214 | D:3      | Killed Subbak's ghost
  9476 | D:3      | Found a blossoming altar of Fedhas.
  9639 | D:3      | Killed an angel
  9987 | D:11     | Noticed a cyclops
  9992 | D:11     | Killed a cyclops
 10190 | D:11     | Noticed a cyan ugly thing
 10415 | D:11     | Killed a cyan ugly thing
 10438 | D:11     | Found a staircase to the Orcish Mines.
 11499 | D:12     | Noticed a boulder beetle
 11513 | D:12     | Killed a boulder beetle
 11514 | D:12     | Reached skill level 13 in Axes
 11514 | D:12     | Reached XP level 12. HP: 92/99 MP: 0/12
 11781 | D:12     | Noticed Sonja
 11797 | D:12     | Killed Sonja
 11845 | D:12     | Reached ***** piety under Makhleb
 12533 | D:13     | Noticed a centaur warrior
 12549 | D:13     | Killed a centaur warrior
 12550 | D:13     | Reached skill level 14 in Axes
 12784 | D:13     | Found Rymic's Weapon Emporium.
 12789 | D:13     | Noticed a centaur warrior
 12802 | D:13     | Killed a centaur warrior
 13694 | D:14     | Reached XP level 13. HP: 107/107 MP: 10/13
 13941 | D:14     | Noticed a centaur warrior
 13953 | D:14     | Killed a centaur warrior
 14050 | D:14     | Noticed a centaur warrior
 14063 | D:14     | Killed a centaur warrior
 14133 | D:14     | Noticed an eight-headed hydra
 14133 | D:14     | Noticed a rakshasa
 14639 | Lair:1   | Entered Level 1 of the Lair of Beasts
 14711 | Lair:1   | Reached skill level 15 in Axes
 16151 | Lair:2   | Found a dark tunnel.
 16160 | Volcano  | Entered a volcano
 16176 | Volcano  | Noticed a centaur warrior
 16179 | Volcano  | Found a burning altar of Makhleb.
 16203 | Volcano  | Killed a centaur warrior
 16463 | Lair:2   | Found a staircase to the Snake Pit.
 16683 | Lair:2   | Reached skill level 16 in Axes
 16777 | Lair:2   | Noticed Erica
 16830 | Lair:2   | Killed Erica
 17024 | Lair:2   | Reached XP level 14. HP: 117/118 MP: 1/14
 17047 | Lair:2   | Reached ****** piety under Makhleb
 17771 | Lair:3   | Noticed Rupert
 17800 | Lair:3   | You fall into a shaft and drop 2 floors!
 17800 | Lair:5   | Entered Level 5 of the Lair of Beasts
 18105 | Lair:4   | Identified the +8 broad axe of Infinite Pain {heavy, Int+2
                  | Dex+3 SInv}
 18206 | Lair:4   | Noticed Raneoc's ghost (journeyman MiFi)
 18208 | Lair:4   | Noticed a minotaur
 18318 | Lair:4   | Found a stormy altar of Qazlal.
 18335 | Lair:4   | Found a runed translucent gate.
 18335 | Lair:4   | Found a runed translucent gate.
 18335 | Lair:4   | Found a runed translucent gate.
 18515 | Lair:4   | Identified the +2 pair of gloves of a bazaar {SInv}
 19482 | Lair:5   | Noticed a dire elephant
 19508 | Lair:5   | Killed a dire elephant
 19509 | Lair:5   | Reached skill level 17 in Axes
 19509 | Lair:5   | Reached skill level 5 in Shields
 20060 | Lair:5   | Found a staircase to the Slime Pits.
 20469 | Lair:5   | Noticed a dire elephant
 20477 | Lair:5   | Killed a dire elephant
 20639 | Lair:5   | Found a burning altar of Makhleb.
 20661 | Lair:5   | Reached XP level 15. HP: 126/126 MP: 8/15
 20687 | Lair:5   | Found a gateway to Hell.
 20888 | Lair:5   | Found a viscous altar of Jiyva.
 21114 | Lair:3   | Found a staircase to the Shoals.
 21307 | Lair:3   | You fall into a shaft and drop 2 floors!
 22343 | Orc:1    | Entered Level 1 of the Orcish Mines
 22891 | Orc:2    | Entered Level 2 of the Orcish Mines
 22995 | Orc:2    | Found a staircase to the Elven Halls.
 23440 | Orc:2    | Reached skill level 18 in Axes
 23759 | Orc:2    | Found Eggi Ace's Book Emporium.
 23759 | Orc:2    | Found Udats's Antique Weapon Shop.
 23761 | Orc:2    | Found Naito's Jewellery Boutique.
 23763 | Orc:2    | Found Beufer's General Store.
 23775 | Orc:2    | Bought a scroll of identify for 30 gold pieces
 23775 | Orc:2    | Bought a scroll of identify for 30 gold pieces
 24018 | Orc:2    | Bought a fine morningstar for 180 gold pieces
 24018 | Orc:2    | Identified the +7 morningstar "Transmigrator" {spect, Str+4
                  | Int+2} (You bought it in a shop on level 2 of the Orcish
                  | Mines)
 24018 | Orc:2    | Bought a runed battleaxe for 190 gold pieces
 24197 | D:5      | Bought a scroll labelled HOTSEEB VYIFARR for 28 gold pieces
 24197 | D:5      | Bought a scroll of identify for 56 gold pieces
 24259 | D:5      | Bought a potion of heal wounds for 70 gold pieces
 24259 | D:5      | Bought a potion of curing for 42 gold pieces
 24259 | D:5      | Bought a potion of might for 56 gold pieces
 24259 | D:5      | Bought 2 potions of resistance for 280 gold pieces
 24259 | D:5      | Bought a potion of curing for 42 gold pieces
 24259 | D:5      | Bought a potion of heal wounds for 70 gold pieces
 24259 | D:5      | Bought a potion of curing for 42 gold pieces
 24577 | D:14     | Found the +5 robe of Night {Dark Will+ SInv}
 24619 | D:14     | Found a portal to a secret trove of treasure.
 24699 | D:15     | Entered Level 15 of the Dungeon
 24956 | D:8      | Bought a potion of curing for 39 gold pieces
 24956 | D:8      | Bought a potion of curing for 39 gold pieces
 25125 | D:14     | Noticed an ironbound preserver
 25126 | D:14     | Found a gate to the Vaults.
 25156 | D:14     | Killed an ironbound preserver
 25911 | D:15     | Reached XP level 16. HP: 134/134 MP: 12/16
 25919 | D:15     | Reached skill level 15 in Armour
 25925 | D:15     | Reached skill level 15 in Fighting
 26050 | D:15     | Found a staircase to the Depths.
 26193 | D:15     | Found a snail-covered altar of Cheibriados.
 26773 | Depths:1 | Entered Level 1 of the Depths
 26786 | Depths:1 | Reached skill level 19 in Axes
 27035 | Snake:1  | Entered Level 1 of the Snake Pit
 27061 | Snake:1  | Reached skill level 10 in Shields
 27400 | Snake:1  | Noticed Aizul
 27410 | Snake:1  | Killed Aizul
 27911 | Snake:1  | Noticed a nagaraja
 27925 | Snake:1  | Killed a nagaraja
 28424 | Snake:1  | Found Xugaewoo's Book Emporium.
 28424 | Snake:1  | Found Riarib's Jewellery Boutique.
 28425 | Snake:1  | Found Tianavutosm's Jewellery Boutique.
 28942 | Snake:2  | Noticed Jorgrun
 29014 | Snake:1  | Killed Jorgrun
 29015 | Snake:1  | Reached XP level 17. HP: 69/143 MP: 14/17
 29100 | Snake:2  | Identified the +1 scimitar of Surhulaq {heavy, Fragile rC+
                  | Str+3}
 29279 | Snake:2  | You fall into a shaft and drop 1 floor!
 30137 | Snake:2  | Identified the +6 quarterstaff "Urelu" {spect, rElec rC+}
 30178 | Snake:2  | Reached skill level 20 in Axes
 30825 | Snake:3  | Found Caotaota's Book Shop.
 31518 | Snake:4  | Entered Level 4 of the Snake Pit
 32064 | Snake:4  | Found Derghefy's Jewellery Emporium.
 32506 | Snake:4  | Reached XP level 18. HP: 153/153 MP: 15/18
 33064 | Snake:4  | Reached skill level 21 in Axes
 33858 | Snake:4  | Got a serpentine rune of Zot
 34227 | Lair:3   | Killed Rupert
 34275 | Shoals:1 | Entered Level 1 of the Shoals
 35200 | Shoals:2 | Noticed Ilsuiw
 35358 | Shoals:2 | Reached XP level 19. HP: 84/161 MP: 6/19
 35362 | Shoals:2 | Killed Ilsuiw
 35580 | Shoals:2 | Identified the +7 tower shield of the Valley of Death
                  | {+Inv}
 35580 | Shoals:2 | Noticed Louise
 35598 | Shoals:2 | Killed Louise
 36205 | Shoals:3 | Reached skill level 22 in Axes
 36669 | Shoals:3 | Reached skill level 15 in Shields
 36957 | D:14     | You paid a toll of 16 potions of curing to enter a treasure
                  | trove
 36958 | Trove    | Entered a treasure trove
 36969 | Trove    | Identified the ring "Naxuv" {rF+ AC+4 Dex-5 SInv}
 36971 | Trove    | Identified the ring "Feipaeppim" {rC++ Will+}
 36981 | Trove    | Identified the ring of Temptation {Fly rPois rF+ Will+++
                  | Slay+2}
 36986 | Trove    | Identified the amulet of Qestrik {Faith Dex+4}
 36990 | Trove    | Identified the amulet of Vico {Faith rElec rF+ Dex+2
                  | Stlth+}
 36992 | Trove    | Identified the ring "Qoriluc" {Will+++ MP+9 Str-4 Int+8
                  | Dex+2}
 37002 | Trove    | Identified the ring of Koamal {rF- rN+ Str+8 Int-3 Dex+6}
 37903 | Shoals:4 | Entered Level 4 of the Shoals
 37903 | Shoals:4 | Noticed Mara
 37911 | Shoals:4 | Noticed dorian's illusion
 37916 | Shoals:4 | Killed Mara
 38085 | Shoals:4 | Identified the ring of Darkness {rElec rF+ EV+5}
 38656 | Shoals:4 | Noticed Kirke
 38670 | Shoals:4 | Killed Kirke
 39058 | Shoals:4 | HP: 7/163 [merfolk impaler/+6 demon trident of freezing
                  | (3)]
 39058 | Shoals:4 | Slain by a merfolk impaler

Illustrated notes

Levels and vault maps discovered:
D:1:      nagdon_arrival_zigzag_paths, layout_basic, minmay_tetromino_s2
D:2:      layout_basic, dilly_ecumenical_altar_fadedgnrine, fountainhead,
          st_stairs_13, grunt_ministairs_6, corexii_corridor_pit, minivault_14
D:3:      layout_loops_corners, grunt_temple_overflow_order_and_chaos_1,
          mainiacjoe_overflow_tiny_flanked, mainiacjoe_overflow_chevrons,
          gammafunk_ghost_arena, serial_shops, nicolae_lakefront_shop,
          st_stairs_12, minmay_cut_off
D:4:      minmay_octagon_keep, layout_loops_ring, temple_hall, serial_shops,
          shop, kennysheep_generic_room_9
D:5:      layout_layer_cave, serial_shops, nicolae_shop_peninsula,
          nicolae_shop_advertising_works [nicolae_subvault_shop_adworks],
          nicolae_shop_hallway_stairs, nicolae_shop_peninsula, uniq_sigmund
D:6:      layout_loops_cross, nicolae_figureground_pulse
D:7:      layout_cave_pools, mainiacjoe_overflow_cross_hatched,
          dk_noncrumbling_4
D:8:      layout_cave_pools, david_lair_generic, serial_shops,
          nicolae_shop_tiny_glass, dreamdust_wishing_well, uniq_amaemon
D:9:      layout_gridville, enter_bailey_6, serial_bayou_pond_a
D:10:     layout_rooms, lemuel_round_altar, amcnicky_mini_rare_corridor_liquid,
          chequers_serial_rivers_room_b
D:11:     cheibrodos_elevator_heist, layout_loops_ring, zombieorc1_lemuel,
          nicolae_benzene_ring
D:12:     layout_roguey, uniq_sonja
D:13:     layout_long_grid, serial_shops, shop
D:14:     layout_rooms, skrybe_vaults_entry_preservation, serial_corexii_hall,
          corexii_hall_statues_l, corexii_hall_statues_t,
          corexii_hall_statues_i, enter_trove_2, roderic_nine_men_s_morris,
          hellmonk_guarded_unrand_night
D:15:     hangedman_depths_entry_civil_slaughter, layout_gridville,
          minmay_fountain_box, cheibrodos_worm_habitat
Lair:1:   layout_cave_pods, special_room [special_room_bee]
Lair:2:   layout_misc_corridors, guppyfry_snake_entry_island,
          nicolae_volcano_entry_lava_flow, lemuel_fruit_tree, uniq_erica
Lair:3:   layout_loops_ring, elwin_shoals_entry_stream, serial_bayou_shore_b,
          uniq_rupert
Lair:4:   layout_gridlike, basic_altar, maelrawn_ghost_gauntlet_escape
Lair:5:   evil_forest, layout_cave_pods, nicolae_slime_entry_field_trip
Shoals:1: layout_shoals, nicolae_shoals_nymph_descending_staircase
Shoals:2: layout_shoals, uniq_louise, uniq_ilsuiw
Shoals:3: layout_shoals
Shoals:4: shoals_end_grunt_ice, layout_shoals, shoal_ilsuiw, uniq_mara,
          uniq_kirke
Snake:1:  layout_chambers, grunt_ministairs_11, guppyfry_library_mini,
          grunt_megastairs_3, minmay_shop_grove, serial_bayou_shore_b,
          uniq_aizul
Snake:2:  layout_cave_shapes, serial_bayou_lagoon_b, uniq_jorgrun
Snake:3:  nicolae_snake_shooting_gallery, layout_onion_interference,
          serial_shops, nicolae_shop_tiny_waterfront
Snake:4:  grunt_snake_rune_spirals, layout_onion, serial_shops, shop,
          serial_bayou_shore_b
Orc:1:    layout_caves
Orc:2:    st_orc_rangers, layout_diamond_mine, nicolae_orc_lost_temple
Depths:1: layout_long_grid, lightli_too_deep, nicolae_ru_the_path_less_chosen,
          serial_shops, nicolae_shop_rolling_square, grunt_decor_arrowhead,
          nicolae_uskayaw_dance_hall, serial_bayou_shore_a,
          serial_bayou_shore_b, minmay_shoptagon, uniq_enchantress

Skill      XL: |  1  2  3  4  5  6  7  8  9 10 11 12 13 14 15 16 17 18 19 |
---------------+----------------------------------------------------------+-----
Axes           | 3 4 5 6 7 9 11 13 14 16 17 18 19 20 21 22 | 22.5
Armour         | 4 5 6 8 9 10 11 13 14 15 16 17 18 | 18.0
Fighting       | 4 5 6 8 9 10 11 13 14 15 16 17 18 | 18.0
Shields        | 6 9 11 12 14 15 | 15.5
Invocations    | |  0.4

Action                     |  1- 3 |  4- 6 |  7- 9 | 10-12 | 13-15 | 16-18 | 19-21 || total
---------------------------+-------+-------+-------+-------+-------+-------+-------++-------
  Melee: War axe           |    55 |   134 |   227 |   563 |   437 |    16 |       ||  1432
         Broad axe         |       |       |       |       |   389 |   733 |   300 ||  1422
         Whip              |       |       |       |       |    62 |       |       ||    62
         Morningstar       |       |       |       |       |     2 |       |       ||     2
  Throw: Dart              |       |       |       |     5 |       |     1 |       ||     6
Ability: Shaft Self        |       |       |       |       |     2 |     1 |       ||     3
         Dig               |       |       |       |       |     2 |     3 |       ||     5
    Use: Scroll            |     4 |     1 |     9 |    10 |     9 |     6 |     4 ||    43
         Potion            |       |       |       |     6 |     3 |     8 |     4 ||    21
 Armour: Scale mail        |    22 |    68 |   128 |   101 |       |       |       ||   319
         Gold dragon scale |       |       |       |   294 |   821 |   463 |   210 ||  1788
  Dodge: Dodged            |    24 |    55 |   102 |   175 |   250 |   153 |    79 ||   838
  Block: Buckler           |    16 |    36 |    61 |    88 |       |       |       ||   201
         Kite shield       |       |       |       |    73 |   548 |   406 |       ||  1027
         Tower shield      |       |       |       |       |       |   198 |   452 ||   650
         Reflection        |       |       |       |       |       |    14 |    39 ||    53
